 Dungeon Crawl Stone Soup version 0.26.0-10-g1f06aea511 (webtiles) character file.

Game seed: 10560199432055127036

36250 MajorAdolf the Tainter (level 13, -2/94 HPs)
             Began as a Naga Venom Mage on Jan 18, 2021.
             Was an Initiate of Gozag.
             Slain by a warg (13 damage)
             ... led by Saint Roka
             ... on level 1 of the Orcish Mines.
             The game lasted 00:46:04 (25441 turns).

MajorAdolf the Tainter (Naga Venom Mage)           Turns: 25441, Time: 00:46:05

Health: -2/94      AC: 20    Str: 11    XL:     13   Next: 89%
Magic:  2/33       EV:  6    Int: 18    God:    Gozag
Gold:   1581       SH:  9    Dex: 14    Spells: 15/27 levels left

rFire    + + .     SeeInvis +   k - staff of fire
rCold    . . .     Faith    .   D - +0 kite shield
rNeg     + . .     Spirit   .   J - +4 leather armour of Compassion {rCorr Dex+2 Stlth-}
rPois    +         Reflect  .   M - +0 helmet
rElec    .         Harm     .   B - +0 cloak (curse)
rCorr    +         Rampage  .   (no gloves)
Will     +....                  x - +1 barding
Stlth    +.........             c - amulet of regeneration
HPRegen  0.65/turn              o - ring of magical power
MPRegen  0.23/turn              e - ring of positive energy

@: gold aura, very slow
A: large, iridescent scales 2, see invisible, deformed body, dopey 1, fire
resistance 1, poison resistance, slowness 2, spit poison 1, constrict 1, AC +4
a: Spit Poison, Renounce Religion, Potion Petition, Call Merchant, Bribe Branch


You were on level 1 of the Orcish Mines.
You worshipped Gozag.
Gozag was most pleased with you.
You visited 3 branches of the dungeon, and saw 17 of its levels.

You collected 3087 gold pieces.
You spent 1416 gold pieces at shops.
You paid 90 gold pieces to Gozag.

Inventory:

Hand Weapons
 b - a +2 dagger of venom
Armour
 x - a +1 barding (worn)
 B - a cursed +0 cloak (worn)
 D - a +0 kite shield (worn)
 J - the +4 leather armour of Compassion (worn) {rCorr Dex+2 Stlth-}
   (You found it on level 11 of the Dungeon)

   It affects your dexterity (+2).
   It provides partial protection from all sources of acid and corrosion.
   It makes you less stealthy.
 M - a +0 helmet (worn)
Magical Staves
 k - an uncursed staff of fire (weapon)
Jewellery
 c - an amulet of regeneration (around neck)
 e - a ring of positive energy (right hand)
 o - a ring of magical power (left hand)
Wands
 s - a wand of flame (48)
 u - a wand of iceblast (3)
 y - a wand of random effects (27)
 F - a wand of paralysis (12)
 G - a wand of acid (19)
Scrolls
 a - 2 scrolls of immolation
 m - 7 scrolls of identify
 n - 2 scrolls of teleportation
 p - 4 scrolls of magic mapping
 r - 7 scrolls of amnesia
 v - 3 scrolls of remove curse
 w - 3 scrolls of vulnerability
 A - 2 scrolls of enchant weapon
 E - a scroll of fog
 H - 2 scrolls of blinking
 K - a scroll of noise {unknown}
Potions
 d - 4 potions of curing
 f - a potion of magic
 g - 3 potions of flight
 h - a potion of invisibility
 i - a potion of haste
 j - 2 potions of lignification
 l - 2 potions of might
 q - a potion of berserk rage
 t - 2 potions of ambrosia
 z - 2 potions of heal wounds
Miscellaneous
 I - a phial of floods
 L - a phantom mirror


   Skills:
 - Level 1.5 Dodging
 - Level 3.0 Stealth
 * Level 5.5 Shields
 + Level 7.5 Spellcasting
 + Level 7.7 Conjurations
 + Level 7.8 Transmutations
 * Level 9.8 Fire Magic
 + Level 7.6 Air Magic
 * Level 14.1 Poison Magic
 * Level 8.1 Evocations


You had 15 spell levels left.
You knew the following spells:

 Your Spells              Type           Power        Failure   Level
a - Mephitic Cloud        Conj/Pois/Air  42%          1%          3
b - Poisonous Vapours     Pois/Air       90%          1%          2
c - Ignite Poison         Fire/Tmut/Pois 61%          1%          3
d - Olgreb's Toxic Radia  Pois           55%          1%          4

Your spell library contained the following spells:

 Spells                   Type           Power        Failure   Level
 Foxfire                  Conj/Fire      100%         1%          1
 Sting                    Tmut/Pois      100%         1%          1
 Searing Ray              Conj           68%          1%          2
 Ensorcelled Hibernation  Hex/Ice        12%          41%         2
 Ice Form                 Ice/Tmut       20%          50%         4
 Starburst                Conj/Fire      27%          77%         6


Dungeon Overview and Level Annotations

Branches:
Dungeon (14/15)            Temple (1/1) D:7            Lair (0/6) D:10
    Orc (2/2) D:12
    Elf: Orc:2       Vaults: D:13-14

Altars:
Ashenzari
Cheibriados
Dithmenos
Elyvilon
Fedhas
Gozag
Hepliaklqana
Kikubaaqudgha
Makhleb
Nemelex Xobeh
Okawaru
Qazlal
Ru
Sif Muna
Trog
Uskayaw
Vehumet
Wu Jian
Xom
Yredelemnul
Zin
The Shining One
Beogh

Shops:
D:5 *(}[}   D:6 ?   D:7 *   D:9 ?   D:13 !

Annotations:
Orc:2 Saint Roka


Innate Abilities, Weirdness & Mutations

You cannot wear boots.
Your serpentine skin is tough. (AC +4)
You have supernaturally acute eyesight. (SInv)
Armour fits poorly on your strangely shaped body.
Your system is resistant to poisons. (rPois)
You cover ground very slowly.
You can spit poison.
You can use your snake-like lower body to constrict enemies.
You are mostly covered in iridescent scales. (AC +4)
You are dopey. (Int -2)
Your flesh is heat resistant. (rF+)


Message History

You constrict the warg.
The warg struggles to escape constriction.
Unknown command.
You release your grip on the warg.
Cornered, the warg turns to fight!
A warg is nearby!
Casting: Mephitic Cloud (safe; 1% risk of failure)
Confirm with . or Enter, or press ? or * to list all spells.
You don't know that spell.
Casting: Mephitic Cloud (safe; 1% risk of failure)
Confirm with . or Enter, or press ? or * to list all spells.
Aiming: Mephitic Cloud (safe; 1% risk of failure)
Press: ? - help, Shift-Dir - straight line, f - you You can't see any hostile targets that would be affected.
The ball explodes into a vile cloud!
The stinking cloud engulfs you but does no damage.
The stinking cloud engulfs the warg but does no damage.
The warg bites you!
You die...
Your body crumbles into a pile of gold.

$ ##### #.#.##
#....###
########...##.##
##.##§...$>.....#
#...§@h..#.....##
##.##§§.###....#
####.#.[.#....#
####.[...###
##)...# $ #...(.#
###..## ####


You could see a warg.

Vanquished Creatures
  2 fire dragons
  Harold (D:10)
  5 hydras
  3 boulder beetles (D:11)
  5 two-headed ogres
  An ogre mage (D:12)
  An orc high priest (Orc:2)
  A fire crab (D:12)
  An unseen horror (D:11)
  2 orc knights (Orc:1)
  4 ugly things
  2 cyclopes (D:12)
  A deep elf mage (D:12)
  4 orc sorcerers (Orc:2)
  A manticore (D:12)
  Maurice (D:11)
  2 centaur skeletons
  3 gargoyles
  A kobold demonologist (D:11)
  6 trolls
  A hornet (D:10)
  A slime creature (D:12)
  3 wraiths
  Sigmund (D:3)
  Eustachio (D:4)
  4 wyverns
  Grum (D:8)
  11 yaks
  A steam dragon (D:8)
  6 wargs
  4 acid dragons
  A soldier ant (D:13)
  3 water moccasins
  25 orc warriors
  7 ice beasts
  7 sky beasts
  A necrophage (D:11)
  A phantom (D:11)
  7 ogres
  2 wolves (D:8)
  7 centaurs
  A big kobold (D:11)
  12 bullfrogs
  A wyvern zombie (D:12)
  3 wyvern skeletons
  2 scorpions
  6 wights
  A killer bee (D:11)
  5 howler monkeys
  2 centaur zombies
  7 hounds
  A quasit (D:9)
  A bullfrog zombie (D:11)
  2 jellies
  18 orc priests
  20 orc wizards
  A bullfrog skeleton (D:11)
  A gnoll shaman (D:8)
  3 iguanas
  5 worker ants
  A killer bee zombie (D:5)
  2 hound zombies
  2 hound skeletons
  A worker ant zombie (D:5)
  7 gnolls
  8 adders
  A shadow imp (D:7)
  4 white imps
  An ufetubus (D:9)
  An adder skeleton (D:9)
  2 adder zombies
  2 worms
  3 dart slugs
  3 leopard geckos
  69 orcs
  A ball python (D:2)
  6 giant cockroaches
  6 goblins
  7 hobgoblins
  15 jackals
  9 quokkas
  14 bats
  9 frilled lizards
  14 kobolds
  A quokka skeleton (D:5)
  8 rats
431 creatures vanquished.

Vanquished Creatures (others)
  8 plants (D:11)
  A withered plant (D:5)
9 creatures vanquished.

Grand Total: 440 creatures vanquished

Notes
Turn   | Place    | Note
-------+----------+-------------------------------------------
     0 | D:1      | MajorAdolf the Naga Venom Mage began the quest for the Orb.
     0 | D:1      | Reached XP level 1. HP: 15/15 MP: 3/3
   311 | D:1      | Reached XP level 2. HP: 20/22 MP: 5/5
   338 | D:1      | Learned a level 2 spell: Poisonous Vapours
   969 | D:1      | Reached skill level 1 in Conjurations
   969 | D:1      | Reached XP level 3. HP: 28/28 MP: 1/6
  2018 | D:2      | You fall into a shaft and drop 1 floor!
  2027 | D:3      | Reached skill level 5 in Poison Magic
  2043 | D:3      | Gained mutation: You are dopey. (Int -2) [potion of
                  | mutation]
  2043 | D:3      | Gained mutation: You are partially covered in iridescent
                  | scales. (AC +2) [potion of mutation]
  2043 | D:3      | Gained mutation: You are mostly covered in iridescent
                  | scales. (AC +4) [potion of mutation]
  2043 | D:3      | Gained mutation: Your flesh is heat resistant. (rF+)
                  | [potion of mutation]
  2202 | D:3      | Reached XP level 4. HP: 31/35 MP: 5/7
  2673 | D:2      | Reached skill level 1 in Air Magic
  4086 | D:3      | Learned a level 3 spell: Mephitic Cloud
  4090 | D:3      | Learned a level 3 spell: Ignite Poison
  4091 | D:3      | Noticed Sigmund
  4096 | D:3      | Killed Sigmund
  4097 | D:3      | Reached skill level 1 in Fire Magic
  4097 | D:3      | Reached skill level 6 in Poison Magic
  4097 | D:3      | Reached XP level 5. HP: 42/42 MP: 1/9
  4097 | D:3      | Reached XP level 6. HP: 49/49 MP: 1/10
  5033 | D:4      | Reached XP level 7. HP: 54/55 MP: 5/11
  5196 | D:4      | Noticed Eustachio
  5318 | D:4      | Killed Eustachio
  5599 | D:4      | Reached skill level 7 in Poison Magic
  5693 | D:4      | Learned a level 4 spell: Olgreb's Toxic Radiance
  5704 | D:5      | Entered Level 5 of the Dungeon
  5705 | D:5      | Found Ritywuv's Antique Weapon Emporium.
  5766 | D:5      | Found Qiockuep's Gadget Emporium.
  5775 | D:5      | Found a basalt altar of Yredelemnul.
  6290 | D:5      | Found Ramocwum's Antique Armour Shoppe.
  6370 | D:5      | Found Jasaco's Assorted Antiques.
  6917 | D:5      | Found Ranacw's Gadget Boutique.
  6931 | D:5      | Reached XP level 8. HP: 60/62 MP: 7/13
  7241 | D:6      | Found an opulent altar of Gozag.
  7351 | D:6      | Became a worshipper of Gozag Ym Sagoz the Greedy
  7791 | D:6      | Found Cogunit's Magic Scroll Shop.
  8073 | D:6      | Reached skill level 8 in Poison Magic
  8441 | D:7      | Found a staircase to the Ecumenical Temple.
  8485 | Temple   | Entered the Ecumenical Temple
  9472 | D:7      | Found Maikli Raqa's General Store.
  9599 | D:7      | Found a burning altar of Makhleb.
  9600 | D:7      | Found a bloodstained altar of Trog.
  9951 | D:8      | Reached skill level 9 in Poison Magic
  9951 | D:8      | Reached XP level 9. HP: 56/68 MP: 5/15
 10242 | D:8      | You fall into a shaft and drop 2 floors!
 10242 | D:10     | Entered Level 10 of the Dungeon
 10645 | D:10     | Found a staircase to the Lair.
 10646 | D:10     | Noticed a fire dragon
 11247 | D:9      | Reached skill level 1 in Evocations
 11370 | D:9      | Reached skill level 10 in Poison Magic
 11393 | D:9      | Reached skill level 5 in Fire Magic
 11395 | D:9      | Reached skill level 5 in Spellcasting
 11395 | D:9      | Reached skill level 5 in Transmutations
 11399 | D:9      | Reached skill level 5 in Conjurations
 11399 | D:9      | Reached XP level 10. HP: 52/75 MP: 3/17
 11695 | D:9      | Reached skill level 5 in Air Magic
 12038 | D:9      | Found a glowing golden altar of the Shining One.
 12525 | D:9      | Found Xuvameag's Magic Scroll Boutique.
 13082 | D:8      | Noticed Grum
 13094 | D:8      | Killed Grum
 13213 | D:8      | Noticed a five-headed hydra
 13225 | D:8      | Killed a five-headed hydra
 13226 | D:8      | Reached skill level 11 in Poison Magic
 14164 | D:5      | Bought a wand of iceblast (4) for 112 gold pieces
 14164 | D:5      | Bought a wand of iceblast (4) for 112 gold pieces
 14207 | D:5      | Bought a wand of iceblast (5) for 99 gold pieces
 14207 | D:5      | Bought a wand of iceblast (5) for 99 gold pieces
 14783 | D:10     | Noticed Harold
 14787 | D:10     | Killed a fire dragon
 14788 | D:10     | Reached XP level 11. HP: 67/81 MP: 19/19
 14792 | D:10     | Killed Harold
 16108 | D:11     | Noticed a boulder beetle
 16112 | D:11     | Killed a boulder beetle
 16113 | D:11     | Reached skill level 1 in Shields
 16337 | D:11     | Noticed a fire dragon
 16345 | D:11     | Noticed a seven-headed hydra
 16345 | D:11     | Noticed a boulder beetle
 16345 | D:11     | Noticed an eight-headed hydra
 16921 | D:11     | Noticed a two-headed ogre
 16921 | D:11     | Noticed a two-headed ogre
 16924 | D:11     | Killed a two-headed ogre
 16925 | D:11     | Reached skill level 12 in Poison Magic
 16927 | D:11     | Killed a two-headed ogre
 16992 | D:11     | Killed a fire dragon
 16993 | D:11     | Reached skill level 5 in Evocations
 17159 | D:11     | Noticed a five-headed hydra
 17177 | D:11     | Killed a five-headed hydra
 17186 | D:11     | Reached XP level 12. HP: 63/88 MP: 10/21
 17462 | D:11     | Noticed a boulder beetle
 17469 | D:11     | Killed a boulder beetle
 17575 | D:11     | Noticed Maurice
 17580 | D:11     | Killed Maurice
 17863 | D:11     | Killed a seven-headed hydra
 17949 | D:11     | Killed an eight-headed hydra
 18344 | D:11     | Killed a boulder beetle
 19665 | D:11     | Got a heavily runed leather armour
 19676 | D:11     | Identified the +4 leather armour of Compassion {rCorr Dex+2
                  | Stlth-} (You found it on level 11 of the Dungeon)
 19804 | D:11     | Reached skill level 13 in Poison Magic
 19836 | D:11     | Noticed a four-headed hydra
 19846 | D:11     | Killed a four-headed hydra
 20075 | D:11     | You fall into a shaft and drop 3 floors!
 20104 | D:14     | Noticed a seven-headed hydra
 20105 | D:14     | Identified a scroll of acquirement
 20105 | D:14     | Acquired a book of Air
 20327 | D:13     | Found Xouk's Distillery.
 20565 | D:12     | Noticed a two-headed ogre
 20568 | D:12     | Killed a two-headed ogre
 20569 | D:12     | Gained mutation: You can use your snake-like lower body to
                  | constrict enemies. [Naga growth]
 20569 | D:12     | Reached XP level 13. HP: 66/94 MP: 21/23
 21402 | D:9      | Bought a scroll of immolation for 49 gold pieces
 21402 | D:9      | Bought a scroll of teleportation for 42 gold pieces
 21402 | D:9      | Bought a scroll of fear for 49 gold pieces
 21402 | D:9      | Bought a scroll of teleportation for 42 gold pieces
 21504 | D:6      | Bought a scroll of fog for 30 gold pieces
 21504 | D:6      | Bought a scroll of immolation for 52 gold pieces
 21504 | D:6      | Bought a scroll of blinking for 112 gold pieces
 21504 | D:6      | Bought 3 scrolls of teleportation for 135 gold pieces
 21504 | D:6      | Bought a scroll of enchant armour for 112 gold pieces
 21504 | D:6      | Bought a scroll of magic mapping for 52 gold pieces
 21535 | D:5      | Bought a wand of paralysis (5) for 77 gold pieces
 21535 | D:5      | Bought a wand of acid (7) for 242 gold pieces
 22079 | D:12     | Identified the +9 halberd "Esis" {speed, Dex+2 Stlth+}
 22228 | D:12     | Identified the Incunabulum of Glacial Combat Magic
 23033 | D:12     | Found a staircase to the Orcish Mines.
 23065 | D:12     | Found a roughly hewn altar of Beogh.
 23492 | Orc:1    | Entered Level 1 of the Orcish Mines
 23613 | D:12     | Reached skill level 5 in Shields
 24262 | Orc:2    | Entered Level 2 of the Orcish Mines
 24766 | Orc:2    | Reached skill level 14 in Poison Magic
 25270 | Orc:2    | Noticed Saint Roka
 25432 | Orc:1    | HP: 4/94 [warg[Saint Roka] (16)]
 25441 | Orc:1    | Slain by a warg

Illustrated notes

Levels and vault maps discovered:
D:1:      lemuel_arrival_broad_hall, layout_rooms
D:2:      layout_rooms
D:3:      layout_rooms, uniq_sigmund
D:4:      layout_basic, uniq_eustachio
D:5:      layout_loops_ring, yredelemnul_altar_generic, serial_shops, shop,
          kennysheep_little_box, nicolae_shop_waterfront, shop, shop
D:6:      layout_basic, serial_shops, shop, grunt_gozag_breadcrumbs
D:7:      layout_basic, minitemple, minmay_temple_entry_enclosed_plants,
          serial_shops, shop
D:8:      layout_loops_ring, uniq_grum
D:9:      layout_rooms, kennysheep_mini_moat, serial_shops, nicolae_shop_trees
D:10:     layout_irregular_city, minmay_lair_entry_lava, uniq_harold
D:11:     nzn_winding_woodlands_medium [nzn_winding_woodlands_5x5_closed_star,
          nzn_winding_woodlands_5x15_sawtooth, nzn_winding_woodlands_5x5_cross,
          nzn_winding_woodlands_5x5_default,
          nzn_winding_woodlands_center_garden,
          nzn_winding_woodlands_5x5_default,
          nzn_winding_woodlands_5x5_perimeter,
          nzn_winding_woodlands_5x15_longhouse,
          nzn_winding_woodlands_5x5_default], layout_loops_corners, minmay_bent,
          uniq_maurice
D:12:     minmay_the_grid_octo_triangle [minmay_the_grid_octo_odd_swirl,
          minmay_the_grid_octo_prize_big_c, minmay_the_grid_octo_chip],
          layout_gridville, minmay_orc_entry_temple_small
D:13:     layout_loops_corners, david_vaults_5, nicolae_trove_entry_diagonal,
          serial_shops, shop, uniq_snorg
D:14:     layout_basic, chequers_serial_rivers_micro_c
Temple:   hc_temple_tempest_star
Orc:1:    layout_diamond_mine
Orc:2:    st_orc_mages, layout_caves, basic_altar, uniq_saint_roka, uniq_nessos,
          uniq_erolcha, uniq_azrael

Skill      XL: |  1  2  3  4  5  6  7  8  9 10 11 12 13 |
---------------+----------------------------------------+-----
Conjurations   | 1 2 3 4 5 6 7 |  7.7
Poison Magic   | 5 6 7 9 10 11 12 13 14 | 14.1
Air Magic      | 1 2 4 5 6 7 |  7.6
Transmutations | 2 3 4 5 6 7 |  7.8
Fire Magic     | 1 2 3 5 6 7 8 9 |  9.8
Spellcasting   | 3 4 5 6 7 |  7.5
Evocations     | 1 3 5 6 8 |  8.1
Shields        | 2 4 5 |  5.5
Dodging        | |  1.5
Stealth        | |  3.0

Action                   |  1- 3 |  4- 6 |  7- 9 | 10-12 | 13-15 || total
-------------------------+-------+-------+-------+-------+-------++-------
Melee: Dagger            |    16 |    13 |    41 |       |       ||    70
       Short sword       |       |     6 |       |       |       ||     6
       Staff             |       |       |   110 |    99 |    72 ||   281
       Constrict         |       |       |       |       |    15 ||    15
 Cast: Poisonous Vapours |    38 |    66 |    71 |     8 |       ||   183
       Ignite Poison     |       |       |    44 |   121 |    91 ||   256
       Mephitic Cloud    |       |       |    13 |    40 |     8 ||    61
       Olgreb's Toxic Ra |       |       |    26 |    71 |    62 ||   159
 Abil: Spit Poison       |    12 |     7 |     1 |     2 |     1 ||    23
Evoke: Wand              |       |       |       |    22 |     1 ||    23
  Use: Scroll            |     4 |     1 |    16 |    11 |     6 ||    38
       Potion            |     1 |       |       |     1 |       ||     2
 Stab: Sleeping          |       |       |     3 |       |       ||     3
Armor: Robe              |    10 |    28 |   111 |    94 |       ||   243
       Skin              |       |       |       |     1 |       ||     1
       Leather armour    |       |       |       |    26 |    95 ||   121
Dodge: Dodged            |    29 |    46 |   114 |    71 |    35 ||   295
Block: Kite shield       |       |       |       |    69 |    79 ||   148
